Map: Sentinel LE

Players

TaylorSwift

  • Race: Protoss Protoss
  • Spawn Location: 9:00

sansores

  • Race: Protoss Protoss
  • Spawn Location: 9:00

Mighty

  • Race: Terran Terran
  • Spawn Location: 12:00

WAZPINATOR - Winner!

  • Race: Zerg Zerg
  • League: Diamond
  • Spawn Location: 6:00

StickLane - Winner!

  • Race: Protoss Protoss
  • Spawn Location: 5:00

MechMyDay - Winner!

  • Race: Terran Terran
  • Spawn Location: 5:00

VOD

Have the link to the VOD?

Description

ACTUAL sweet mine hit

Time

  • Played on: Aug. 26, 2022, 7:54 p.m.
  • Length: 14:03
Show
View Real Time Build Order
Export as new Build Order

TaylorSwift Protoss 

Build Orders: 1 Gate Expand, Oracle Opening, Carriers 

Get SALT Encoding   

  12  0:00  Probe  
  13  0:12  Probe  
  14  0:19  Pylon  
  14  0:25  Probe  
  15  0:37  Probe  
  15  0:40  Gateway  
  16  0:46  Assimilator  
  16  0:49  Probe (Chrono Boost)  
  17  1:01  Probe (Chrono Boost)  
  18  1:07  Probe (Chrono Boost)  
  19  1:27  Nexus  
  19  1:39  Cybernetics Core  
  19  1:46  Assimilator  
  19  1:48  Probe (Chrono Boost)  
  19  1:53  Pylon  
  20  2:00  Probe (Chrono Boost)  
  22  2:09  Probe (Chrono Boost)  
  22  2:16  Stargate  
  22  2:22  Shield Battery  
  22  2:23  Probe  
  23  2:32  Warp Gate  
  23  2:35  Probe  
  24  2:42  Stalker  
  26  2:47  Probe  
  27  2:51  Probe  
  27  2:56  Oracle (Chrono Boost)  
  31  3:31  Probe (Chrono Boost)  
  31  3:33  Void Ray (Chrono Boost)  
  37  3:36  Probe (Chrono Boost)  
  37  3:37  Pylon  
  37  3:40  Assimilator  
  38  3:42  Probe (Chrono Boost)  
  38  3:45  Probe (Chrono Boost)  
  38  3:47  Probe (Chrono Boost)  
  40  3:55  Probe  
  40  3:58  Probe  
  42  4:08  Probe  
  43  4:10  Probe  
  44  4:20  Probe  
  44  4:21  Void Ray (Chrono Boost)  
  44  4:22  Probe  
  50  4:26  Shield Battery, Pylon  
  50  4:29  Assimilator  
  50  4:32  Probe  
  50  4:34  Probe  
  52  4:44  Probe  
  53  4:47  Gateway x2  
  57  4:57  Void Ray  
  57  5:00  Stargate  
  57  5:06  Fleet Beacon, Probe x2  
  59  5:25  Probe (Chrono Boost)  
  61  5:30  Probe (Chrono Boost)  
  61  5:34  Probe (Chrono Boost)  
  62  5:39  Pylon  
  62  5:41  Pylon x2  
  62  5:48  Probe  
  59  5:57  Void Ray  
  59  6:05  Zealot x3  
  62  6:37  Zealot x3  
  67  7:07  Pylon  
  67  7:12  Probe (Chrono Boost)  
  67  7:13  Pylon  
  69  7:16  Probe (Chrono Boost)  
  70  7:23  Nexus, Probe (Chrono Boost)  
  70  7:26  Probe (Chrono Boost)  
  70  7:27  Probe (Chrono Boost)  
  72  7:36  Void Ray x2, Probe  
  81  7:38  Twilight Council, Probe  
  81  7:41  Gateway  
  82  7:45  Gateway  
  82  7:48  Probe  
  82  7:50  Probe  
  84  7:53  Gateway  
  84  8:00  Probe  
  84  8:02  Probe  
  86  8:06  Pylon  
  86  8:12  Probe  
  87  8:14  Probe  
  88  8:24  Probe  
  88  8:25  Carrier (Chrono Boost)  
  101  8:34  Stargate  
  101  8:36  Carrier (Chrono Boost)  
  70  9:22  Carrier  
  68  9:27  Carrier  
  68  9:28  Probe (Chrono Boost)  
  68  9:29  Probe (Chrono Boost)  
  76  9:32  Assimilator  
  76  9:33  Carrier  
  76  9:34  Shield Battery  
  76  9:37  Assimilator  
  83  9:40  Shield Battery, Probe x2 (Chrono Boost)  
  83  9:41  Shield Battery, Probe (Chrono Boost)  
  83  9:42  Charge (Chrono Boost)  
  85  9:47  Probe x2 (Chrono Boost)  
  85  9:49  Probe (Chrono Boost)  
  85  9:50  Forge  
  88  9:53  Templar Archives  
  88  9:54  Probe x2  
  88  9:59  Probe  
  91  10:00  Zealot x2  
  91  10:06  Probe x2  
  97  10:16  Protoss Air Weapons Level 1 (Chrono Boost)  
  97  10:27  Carrier  
  103  10:29  Stalker  
  103  10:30  Stalker x3  
  111  11:01  Zealot x2  
  111  11:02  Zealot x4  
  125  11:23  Carrier (Chrono Boost)  
  125  11:29  Pylon  
  125  11:30  Pylon  
  125  11:32  Pylon  
  125  11:35  Pylon  
  125  11:44  Carrier (Chrono Boost)  
  125  11:47  Probe x2  
  125  11:48  Probe  
  125  11:51  High Templar x3  
  125  11:52  High Templar  
  125  11:53  High Templar  
  125  11:54  High Templar  
  152  11:55  Archon  
  152  11:56  Archon, Carrier (Chrono Boost)  
  152  11:59  Probe x2  
  152  12:00  Probe  
  155  12:29  Archon  
  155  12:36  Photon Cannon  
  155  12:38  Photon Cannon  
  155  12:39  Stargate  
  155  12:57  Pylon x2  
  155  13:00  Pylon  
  155  13:02  Pylon  
  155  13:03  Pylon  
  155  13:05  Pylon  
  173  13:23  Cybernetics Core  
  179  13:29  Zealot x2  
Show
View Real Time Build Order
Export as new Build Order

sansores Protoss 

Build Orders: Phoenix Opening, Mass Phoenix 

Get SALT Encoding   

  12  0:01  Probe (Chrono Boost)  
  13  0:10  Probe (Chrono Boost)  
  14  0:15  Probe (Chrono Boost)  
  15  0:24  Pylon  
  15  0:31  Assimilator  
  15  0:44  Gateway  
  15  0:47  Probe  
  16  0:59  Probe  
  17  1:14  Assimilator  
  17  1:18  Pylon  
  18  1:25  Probe  
  18  1:42  Cybernetics Core  
  18  1:46  Probe (Chrono Boost)  
  19  1:56  Probe (Chrono Boost)  
  19  2:00  Nexus  
  19  2:01  Probe (Chrono Boost)  
  21  2:09  Pylon  
  21  2:22  Stargate  
  21  2:37  Stargate  
  21  2:40  Probe  
  22  3:03  Shield Battery  
  22  3:06  Phoenix (Chrono Boost)  
  24  3:17  Probe  
  25  3:24  Phoenix (Chrono Boost)  
  29  3:28  Phoenix (Chrono Boost)  
  29  3:35  Probe x2  
  31  3:43  Phoenix (Chrono Boost)  
  33  3:51  Assimilator  
  33  3:52  Probe  
  34  4:00  Phoenix  
  36  4:09  Probe  
  37  4:16  Phoenix  
  39  4:23  Probe (Chrono Boost)  
  40  4:31  Phoenix, Assimilator  
  40  4:35  Probe (Chrono Boost)  
  43  4:43  Pylon  
  43  4:44  Phoenix (Chrono Boost), Probe (Chrono Boost)  
  46  4:49  Probe  
  49  5:03  Phoenix (Chrono Boost)  
  49  5:09  Phoenix (Chrono Boost)  
  51  5:16  Probe  
  51  5:20  Phoenix (Chrono Boost)  
  56  5:31  Phoenix (Chrono Boost)  
  56  5:36  Forge  
  46  6:09  Pylon  
  46  6:10  Pylon  
  46  6:14  Pylon  
  46  6:15  Pylon  
  46  6:38  Phoenix x2  
  50  7:18  Probe x2  
  50  7:30  Probe x2  
  50  7:42  Probe x2  
  52  7:54  Probe x2  
  54  8:06  Probe  
  55  8:16  Probe  
  55  8:18  Probe  
  57  8:52  Phoenix  
  57  9:28  Phoenix  
  57  9:29  Phoenix, Probe x2  
  57  9:41  Probe x2  
  43  9:49  Stargate  
  43  9:50  Stargate  
  43  9:51  Stargate  
  43  9:53  Fleet Beacon, Probe  
  42  10:02  Pylon  
  42  10:14  Pylon  
  42  10:15  Pylon  
  31  10:34  Phoenix x2 (Chrono Boost), Nexus  
  34  10:42  Phoenix (Chrono Boost)  
  34  10:43  Phoenix x2 (Chrono Boost)  
  40  10:54  Phoenix x2 (Chrono Boost)  
  44  10:58  Phoenix x2 (Chrono Boost)  
  47  11:29  Probe (Chrono Boost)  
  49  11:37  Probe (Chrono Boost)  
  49  11:38  Probe (Chrono Boost)  
  50  11:40  Nexus  
  50  11:42  Assimilator  
  50  11:43  Probe (Chrono Boost)  
  50  11:44  Probe  
  50  11:46  Assimilator  
  52  11:51  Pylon  
  52  11:53  Pylon  
  52  11:55  Forge, Probe  
  52  11:56  Probe  
  52  11:57  Carrier  
  60  12:06  Carrier  
  66  12:10  Shield Battery  
  66  12:28  Probe (Chrono Boost)  
  67  12:38  Probe (Chrono Boost)  
  67  12:43  Probe x2 (Chrono Boost)  
  68  12:47  Photon Cannon  
  68  12:48  Photon Cannon  
  68  12:50  Photon Cannon  
  69  12:52  Probe, Photon Cannon  
  69  12:57  Shield Battery  
  70  13:00  Pylon  
  70  13:02  Pylon  
  70  13:07  Pylon  
  70  13:10  Pylon  
  70  13:16  Shield Battery  
Show
View Real Time Build Order
Export as new Build Order

Mighty Terran 

Build Orders:  

Get SALT Encoding   

  12  0:00  SCV  
  13  0:20  SCV  
  14  0:29  Supply Depot  
  14  0:34  SCV, Refinery  
  15  0:51  SCV  
  15  0:52  Barracks  
  16  1:03  SCV  
  17  1:15  SCV  
  18  1:27  SCV  
  19  1:39  SCV  
  20  1:51  SCV  
  21  1:58  Engineering Bay  
  21  2:03  SCV  
  22  2:13  Marine  
  23  2:15  Command Center  
  23  2:17  Orbital Command  
  23  2:28  Refinery  
  23  2:31  Factory  
  23  2:33  Supply Depot  
  21  3:09  SCV  
  21  3:21  SCV  
  21  3:24  Marine  
  23  3:34  Barracks  
  23  3:35  Barracks  
  23  4:04  SCV  
  23  4:07  Orbital Command  
  23  4:08  Marine  
  24  4:13  Bunker  
  24  4:16  SCV, Widow Mine  
  27  4:21  Engineering Bay  
  27  4:26  Barracks Tech Lab  
  27  4:28  SCV  
  27  4:29  Marine x2  
  30  4:40  SCV, Factory Tech Lab  
  31  4:52  SCV  
  32  4:56  Marine  
  32  4:57  Stimpack  
  32  4:58  Barracks Tech Lab  
  32  4:59  Siege Tank  
  36  5:02  Supply Depot  
  36  5:04  SCV  
  37  5:11  SCV, Missile Turret  
  38  5:15  Marine x2  
  38  5:17  Combat Shield  
  41  5:24  Marauder  
  41  5:25  SCV x2  
  44  5:31  Supply Depot  
  44  5:35  Marine  
  46  5:37  SCV  
  46  5:41  Marine  
  47  6:03  Marine  
  47  6:04  Marine x2  
  37  6:19  Widow Mine  
  37  6:21  Marine x3  
  25  6:39  Marine x3  
  28  6:58  Marauder x2  
  32  7:04  Marine  
  33  7:11  SCV x2  
  33  7:12  Refinery  
  35  7:17  Command Center  
  35  7:18  Marine  
  35  7:19  Marine  
  37  7:23  SCV x2  
  39  7:34  Marine  
  39  7:35  SCV x2  
  39  7:36  Marine  
  43  7:47  SCV x2  
  45  8:00  Marine  
  45  8:01  Marauder x2  
  45  8:03  Concussive Shells  
  45  8:04  Siege Tank  
  53  8:24  Marine x2  
  53  8:25  Marauder  
  57  8:36  Siege Tank  
  60  8:43  Marauder  
  60  8:44  Marine  
  53  9:42  Marine x3  
  39  9:52  Orbital Command  
  29  9:59  Siege Tank  
  29  10:00  Marine x2, Marauder  
  29  10:01  SCV x2  
  35  10:13  SCV x2  
  37  10:19  Terran Infantry Weapons Level 1  
  37  10:20  Starport  
  37  10:25  SCV x2  
  39  10:36  Marine x3  
  39  10:37  SCV x2  
  39  10:49  SCV  
  37  10:50  SCV  
  37  10:53  Marine  
  37  10:54  Marine x2  
  39  11:00  SCV  
  39  11:02  SCV x2  
  42  11:11  Marine x3  
  42  11:12  SCV  
  42  11:13  Refinery  
  42  11:14  SCV x2  
  48  11:24  SCV  
  49  11:26  SCV x2  
  51  11:35  Siege Tank  
  51  11:36  SCV  
  51  11:38  SCV x2  
  57  11:48  SCV  
  57  11:50  SCV x2  
  60  11:54  Barracks  
  60  11:56  Barracks  
  60  11:59  Barracks  
  60  12:00  Ghost Academy, SCV  
  61  12:02  SCV x2  
  63  12:12  SCV  
  63  12:14  SCV x2  
  66  12:25  SCV  
  66  12:29  Siege Tank  
  70  12:35  Factory  
  70  12:37  Marine x2  
  70  12:38  Marine  
  73  12:51  Barracks Tech Lab x2  
  73  12:52  Barracks Tech Lab  
  73  12:53  Starport Reactor  
  73  12:55  Marine x2  
  77  13:20  Barracks Tech Lab  
  77  13:21  Supply Depot x2  
  77  13:22  Supply Depot x2  
  77  13:26  Sensor Tower  
  77  13:28  Unknown  
  77  13:42  Marine x6  
  77  13:43  Supply Depot x2  
Show
View Real Time Build Order
Export as new Build Order

WAZPINATOR Zerg - Winner!

Build Orders: Hatch First 

Get SALT Encoding   

  12  0:00  Drone  
  13  0:13  Overlord  
  13  0:18  Drone  
  14  0:31  Drone x2  
  16  0:51  Hatchery  
  16  0:54  Drone  
  16  0:58  Drone  
  16  1:01  Drone  
  18  1:05  Extractor  
  17  1:18  Spawning Pool  
  16  1:21  Drone  
  17  1:27  Drone  
  17  1:29  Drone  
  19  1:40  Drone  
  20  1:49  Drone  
  21  1:57  Evolution Chamber  
  20  2:01  Drone  
  20  2:03  Drone  
  22  2:08  Queen  
  22  2:09  Queen  
  27  2:15  Drone  
  27  2:24  Drone  
  27  2:26  Zerg Melee Weapons Level 1  
  28  2:33  Overlord  
  28  2:41  Metabolic Boost  
  28  2:54  Drone x3  
  28  2:55  Drone x3  
  34  3:12  Drone x2  
  36  3:13  Hatchery  
  36  3:17  Drone  
  36  3:19  Overlord  
  36  3:24  Overlord  
  36  3:33  Overlord  
  36  3:39  Drone x4  
  40  3:47  Spore Crawler  
  39  3:50  Spore Crawler, Drone  
  39  3:51  Drone  
  40  3:59  Zergling x4  
  42  4:14  Drone  
  42  4:15  Zergling x6  
  46  4:24  Zergling x2  
  47  4:28  Lair  
  47  4:29  Zergling x8  
  47  4:30  Zergling x4  
  53  4:33  Queen  
  53  4:34  Queen  
  53  4:36  Drone  
  59  4:45  Zergling x4  
  59  4:49  Zergling x4  
  62  4:53  Drone  
  62  4:59  Zergling x2  
  64  5:00  Zergling x4  
  64  5:01  Overlord x2  
  66  5:25  Zergling x18  
  75  5:29  Zergling x6  
  75  5:31  Zergling x2  
  79  5:40  Zergling x4  
  81  5:46  Zergling x2  
  82  5:52  Zergling x2  
  82  5:54  Zergling x2  
  80  5:58  Zergling x2  
  80  5:59  Zergling x2  
  80  6:00  Zergling x2  
  71  6:12  Zergling x8  
  71  6:14  Zergling x4  
  71  6:15  Zergling x2  
  71  6:17  Zergling x2  
  70  6:21  Zergling x2  
  70  6:27  Spore Crawler x2  
  70  6:30  Spore Crawler  
  70  6:32  Spore Crawler  
  59  6:33  Zergling x2  
  59  6:34  Zergling x4  
  59  6:35  Zergling x2  
  59  6:36  Spore Crawler  
  60  6:43  Zergling x2  
  60  6:44  Zergling x2  
  59  6:49  Drone x2  
  59  6:51  Overlord  
  59  6:55  Zergling x2  
  59  6:56  Zergling x6  
  59  7:00  Zergling x2  
  62  7:02  Drone  
  57  7:08  Zergling x4  
  57  7:11  Spore Crawler  
  57  7:12  Spore Crawler  
  57  7:14  Spore Crawler  
  57  7:15  Spore Crawler, Overlord  
  54  7:24  Overlord x6  
  54  7:35  Drone x3  
  57  7:45  Drone x3  
  57  7:47  Infestation Pit, Hatchery  
  58  7:57  Drone x4  
  58  7:58  Spore Crawler, Drone  
  62  7:59  Spore Crawler  
  62  8:01  Drone x2  
  63  8:06  Drone  
  63  8:10  Zergling x4  
  66  8:15  Zerg Missile Weapons Level 1  
  66  8:18  Drone  
  67  8:20  Drone, Extractor  
  67  8:23  Zergling x12  
  73  8:40  Zergling x10  
  75  8:42  Zergling x2  
  75  8:47  Zergling x2  
  75  8:53  Zergling x2  
  75  8:54  Zergling x12  
  82  8:59  Zergling x4  
  84  9:04  Drone x2  
  84  9:05  Extractor  
  84  9:06  Extractor  
  84  9:11  Zergling x4  
  82  9:19  Zergling x14  
  82  9:22  Zergling x6  
  83  9:29  Zergling x2  
  83  9:30  Zergling x4  
  84  9:39  Zergling x2  
  84  9:40  Zergling x4  
  84  9:42  Zergling x2  
  84  9:43  Zergling x2  
  77  9:47  Zergling x8  
  77  9:50  Zergling x8  
  77  9:52  Drone  
  84  9:55  Drone  
  84  9:58  Overlord  
  85  10:02  Queen x4  
  93  10:11  Drone x4  
  93  10:14  Zergling x4  
  99  10:24  Drone x5, Hydralisk Den  
  103  10:35  Baneling Nest  
  102  10:42  Drone x7  
  109  10:43  Drone x2  
  111  10:58  Hive  
  111  11:06  Zergling x2  
  111  11:08  Zergling x2  
  111  11:09  Zergling x2  
  112  11:11  Zergling x2  
  112  11:14  Zergling x6  
  112  11:15  Zergling x4  
  111  11:26  Overlord x3  
  111  11:27  Overlord  
  111  11:30  Spore Crawler  
  111  11:31  Spore Crawler x2  
  111  11:32  Spore Crawler, Drone x5  
  112  11:34  Spore Crawler, Overlord x3  
  111  11:44  Queen  
  111  11:45  Drone x4  
  111  11:46  Drone x2  
  119  11:48  Queen x2  
  119  11:49  Overlord  
  123  11:59  Zergling x12  
  129  12:06  Centrifugal Hooks  
  129  12:07  Extractor  
  129  12:08  Extractor, Grooved Spines  
  127  12:09  Zergling x8  
  127  12:13  Spore Crawler  
  127  12:15  Spore Crawler, Drone x2  
  132  12:16  Drone  
  132  12:17  Spore Crawler x2  
  132  12:18  Spore Crawler  
  132  12:19  Queen, Drone  
  132  12:24  Overlord  
  132  12:27  Drone x6  
  138  12:35  Infestor x2  
  142  12:56  Baneling x11  
  142  12:58  Baneling  
  142  13:00  Zergling x16  
  142  13:01  Zergling x18  
  159  13:11  Overseer  
  157  13:28  Hydralisk  
  157  13:29  Hydralisk x4  
  161  13:34  Zergling x10  
  161  13:35  Zergling x4  
  154  13:43  Zergling x4  
  154  13:45  Zergling x10  
Show
View Real Time Build Order
Export as new Build Order

StickLane Protoss - Winner!

Build Orders: 1 Gate Expand, Oracle Opening 

Get SALT Encoding   

  12  0:00  Probe  
  13  0:12  Probe  
  14  0:19  Pylon  
  14  0:24  Probe  
  15  0:37  Probe (Chrono Boost)  
  15  0:40  Gateway  
  16  0:45  Assimilator  
  16  0:49  Probe (Chrono Boost)  
  17  0:57  Probe (Chrono Boost)  
  18  1:03  Probe  
  19  1:15  Probe  
  20  1:28  Nexus  
  20  1:37  Pylon  
  20  1:44  Probe  
  21  1:54  Assimilator  
  21  1:56  Probe  
  22  2:04  Cybernetics Core  
  22  2:08  Probe  
  23  2:20  Probe  
  24  2:33  Probe (Chrono Boost)  
  26  2:45  Probe (Chrono Boost)  
  26  2:46  Stargate  
  26  2:48  Stalker (Chrono Boost)  
  26  2:49  Gateway  
  28  2:51  Probe (Chrono Boost)  
  28  2:52  Warp Gate  
  28  2:53  Probe (Chrono Boost)  
  30  3:00  Shield Battery  
  30  3:02  Probe  
  31  3:10  Shield Battery  
  31  3:12  Probe  
  32  3:15  Probe  
  33  3:22  Stalker  
  35  3:27  Probe  
  35  3:28  Probe  
  35  3:32  Oracle (Chrono Boost)  
  37  3:39  Probe  
  40  3:56  Probe  
  40  3:57  Probe  
  41  4:08  Probe  
  41  4:09  Probe  
  43  4:21  Pylon  
  45  4:25  Pylon  
  45  4:26  Oracle  
  45  4:27  Pylon  
  45  4:30  Pylon  
  46  4:37  Forge  
  46  4:39  Probe (Chrono Boost)  
  46  4:40  Gateway, Probe (Chrono Boost)  
  46  4:41  Gateway  
  48  4:51  Assimilator, Probe (Chrono Boost)  
  48  4:52  Probe (Chrono Boost)  
  50  4:54  Assimilator  
  50  4:57  Probe (Chrono Boost)  
  50  4:58  Probe (Chrono Boost)  
  52  5:05  Probe  
  52  5:07  Probe  
  57  5:09  Void Ray  
  58  5:17  Probe  
  58  5:19  Probe  
  60  5:29  Probe  
  60  5:32  Probe  
  60  5:33  Nexus  
  60  5:34  Pylon  
  62  5:41  Probe  
  63  5:44  Probe  
  64  5:54  Probe  
  62  6:10  Fleet Beacon  
  62  6:13  Stargate x2  
  62  6:14  Protoss Shields Level 1 (Chrono Boost)  
  62  6:16  Stargate  
  62  6:19  Probe x2, Pylon  
  62  6:22  Stalker  
  62  6:25  Protoss Air Weapons Level 1 (Chrono Boost)  
  65  6:31  Probe x2  
  59  6:38  Photon Cannon  
  51  6:42  Photon Cannon  
  51  6:43  Probe  
  51  6:46  Probe, Pylon  
  45  6:47  Probe  
  44  6:56  Photon Cannon  
  41  7:05  Photon Cannon  
  41  7:07  Probe (Chrono Boost)  
  43  7:10  Probe x2 (Chrono Boost)  
  44  7:18  Probe (Chrono Boost)  
  44  7:20  Probe (Chrono Boost)  
  44  7:21  Probe (Chrono Boost)  
  47  7:28  Anion Pulse-Crystals  
  47  7:29  Phoenix  
  49  7:33  Phoenix  
  51  7:40  Photon Cannon  
  51  7:44  Phoenix  
  47  7:54  Probe (Chrono Boost)  
  47  7:55  Probe (Chrono Boost)  
  47  7:57  Probe (Chrono Boost)  
  50  8:00  Phoenix  
  52  8:06  Probe (Chrono Boost)  
  52  8:07  Probe (Chrono Boost)  
  52  8:11  Probe (Chrono Boost)  
  55  8:15  Probe x2 (Chrono Boost)  
  55  8:17  Probe (Chrono Boost)  
  58  8:21  Probe  
  59  8:27  Phoenix  
  59  8:31  Phoenix, Protoss Air Weapons Level 2 (Chrono Boost)  
  63  8:38  Phoenix  
  65  8:47  Phoenix  
  67  8:52  Phoenix  
  67  9:02  Phoenix  
  69  9:10  Phoenix  
  69  9:12  Phoenix  
  73  9:23  Phoenix  
  69  9:27  Phoenix  
  71  9:35  Phoenix  
  71  9:37  Phoenix  
  75  10:00  Phoenix x3  
  75  10:03  Nexus  
  75  10:04  Probe, Pylon  
  75  10:05  Probe  
  83  10:17  Probe  
  84  10:50  Phoenix x3  
  84  10:51  Phoenix  
  88  11:01  Probe x2  
  90  11:05  Photon Cannon  
  90  11:09  Photon Cannon  
  90  11:11  Pylon  
  90  11:12  Pylon  
  90  11:13  Probe x2  
  90  11:15  Pylon  
  92  11:24  Twilight Council  
  92  11:25  Protoss Air Weapons Level 3 (Chrono Boost), Probe  
  93  11:34  Assimilator  
  93  11:37  Assimilator  
  93  11:53  Probe x2  
  93  11:54  Probe  
  96  11:57  Carrier x2  
  96  11:58  Carrier  
  114  12:05  Probe  
  111  12:29  Carrier  
  117  12:49  Nexus  
  117  12:51  Pylon  
  117  12:53  Pylon  
  117  12:55  Nexus  
  117  12:57  Unknown, Pylon x2  
  117  13:00  Pylon  
  117  13:01  Assimilator  
  117  13:03  Probe x2  
  117  13:04  Probe  
  120  13:06  Assimilator  
  126  13:15  Probe x2  
  128  13:28  Photon Cannon  
  128  13:30  Photon Cannon  
  128  13:32  Shield Battery  
Show
View Real Time Build Order
Export as new Build Order

MechMyDay Terran - Winner!

Build Orders: Reaper Expand 

Get SALT Encoding   

  12  0:00  SCV  
  13  0:12  SCV  
  14  0:19  Supply Depot  
  14  0:25  SCV  
  15  0:40  SCV  
  15  0:41  Barracks  
  16  0:44  Refinery  
  16  0:53  SCV  
  17  1:05  SCV  
  18  1:18  SCV  
  19  1:30  Reaper  
  19  1:32  Orbital Command  
  20  1:57  SCV  
  20  1:59  Command Center  
  21  2:02  Supply Depot  
  21  2:08  Refinery  
  21  2:11  SCV  
  21  2:14  Factory  
  22  2:27  SCV  
  23  2:32  Supply Depot  
  23  2:34  Barracks Reactor  
  23  2:39  SCV  
  24  2:59  SCV  
  24  3:01  Hellion  
  27  3:14  SCV  
  28  3:26  SCV  
  28  3:33  Supply Depot  
  28  3:37  Barracks Tech Lab  
  28  3:38  SCV, Hellion x2  
  33  3:44  Supply Depot  
  33  3:48  Factory, Orbital Command  
  33  3:50  SCV  
  34  4:02  SCV  
  35  4:11  Command Center  
  35  4:14  SCV  
  36  4:18  Hellion x2  
  36  4:21  SCV  
  41  4:26  SCV  
  41  4:29  Engineering Bay  
  42  4:35  Factory Tech Lab  
  42  4:42  SCV x2  
  44  4:49  Factory  
  44  4:54  SCV x2  
  46  5:00  Refinery, Hellion  
  46  5:01  Hellion  
  46  5:03  Cyclone  
  46  5:06  SCV  
  54  5:12  SCV  
  55  5:15  Missile Turret  
  55  5:16  Missile Turret  
  55  5:17  Infernal Pre-Igniter  
  55  5:18  SCV  
  56  5:24  SCV  
  56  5:25  Orbital Command  
  57  5:29  Hellion  
  57  5:34  Supply Depot  
  57  5:55  SCV x2  
  51  5:57  SCV  
  51  5:58  Armory  
  51  5:59  Factory Tech Lab  
  52  6:06  Missile Turret, Refinery  
  52  6:07  SCV x2, Supply Depot  
  52  6:08  Missile Turret  
  52  6:10  SCV  
  55  6:17  Missile Turret  
  55  6:18  Cyclone, Missile Turret x2  
  58  6:19  SCV x2  
  55  6:27  Cyclone  
  55  6:28  Hellion  
  55  6:29  Widow Mine  
  62  6:41  Missile Turret x2  
  62  6:42  SCV x2  
  62  6:46  Missile Turret  
  59  7:04  Thor x2  
  59  7:06  Widow Mine x2  
  59  7:07  SCV x2  
  74  7:12  Refinery  
  74  7:16  Missile Turret x2  
  74  7:18  Drilling Claws, Smart Servos  
  74  7:20  SCV x2  
  76  7:28  SCV  
  76  7:29  Terran Vehicle Weapons Level 1  
  77  7:32  SCV  
  77  7:36  Armory  
  78  7:39  Hi-Sec Auto Tracking  
  78  7:43  SCV x2  
  80  7:48  Thor  
  86  8:08  Thor  
  92  8:24  Hellion x2  
  92  8:25  SCV x2  
  98  8:28  Supply Depot  
  98  8:31  Supply Depot  
  98  8:48  Hellion  
  100  8:49  Thor  
  100  8:50  Hellion  
  108  9:00  Siege Tank  
  103  9:20  Hellion x2  
  107  9:37  Hellion x2  
  109  9:57  SCV x3  
  109  9:58  Cyclone  
  115  10:03  Terran Vehicle Weapons Level 2  
  115  10:04  Terran Vehicle And Ship Armor Level 1  
  115  10:06  Supply Depot x2, Refinery  
  115  10:11  Cyclone  
  115  10:12  Hellion x2  
  122  10:18  SCV x2  
  124  10:27  Command Center, Missile Turret  
  124  10:34  SCV x2  
  126  10:38  SCV  
  127  10:45  Supply Depot  
  127  10:46  Supply Depot  
  127  10:47  Hellion  
  127  10:48  Hellion  
  137  10:50  Thor x2  
  137  10:54  Factory  
  137  10:55  Factory  
  143  11:02  Supply Depot, Factory  
  143  11:03  Factory  
  143  11:04  Supply Depot, Factory  
  144  11:11  SCV  
  144  11:21  Hellion  
  144  11:22  Hellion  
  144  11:23  SCV x2  
  150  11:26  Supply Depot  
  150  11:27  Supply Depot  
  150  11:29  SCV  
  151  11:33  Thor x2  
  151  11:35  SCV x2  
  165  11:41  SCV, Supply Depot x2  
  165  11:45  Planetary Fortress  
  165  11:46  Missile Turret x3  
  166  11:48  Sensor Tower  
  166  11:49  Missile Turret  
  166  11:53  Missile Turret x2  
  166  11:55  Refinery  
  166  11:56  Factory Reactor x2, Refinery, Factory Tech Lab x3  
  166  12:07  Hellion  
  166  12:08  Hellion  
  170  12:21  Sensor Tower  
  170  12:37  Sensor Tower  
  170  12:47  Thor x3  
  170  12:48  Thor x2  
  200  13:15  Factory  
  200  13:17  Factory  
  200  13:20  Factory  
  179  13:44  Command Center  
Tags
 
Add a new tag
Caveats
  • Supply blocks, unpowered buildings, or Contaminate may cause inaccurate times.
  • Supply counts are checked every 10 seconds.